BLB
PHOENIX ROADRUNNERS @ WINDY CITY BLUES
07/16/2059
 
TOP OF THE 1ST
Phoenix Roadrunners batting - Pitching for Windy City Blues : LHP A.J. Stillman
Pitching: LHP A.J. Stillman
Batting: RHB Rick Anderson 0-0: Called Strike
0-1: Ground out 5-3 (Groundball, 5S, EV 85.0 MPH)
Batting: RHB Dalton Banks 0-0: Ball
1-0: Ground out U3 (Groundball, 3, EV 88.8 MPH)
Batting: LHB Rayshaun Stuart 0-0: Called Strike
0-1: Called Strike
0-2: Ball
1-2: Foul Ball, location: 2F
1-2: Ground out 6-3 (Groundball, 6, EV 81.9 MPH)
Top of the 1st over - 0 runs, 0 hits, 0 errors, 0 left on base; Phoenix 0 - Windy City 0
BOTTOM OF THE 1ST
Windy City Blues batting - Pitching for Phoenix Roadrunners : RHP Ismael McFarland
Pitching: RHP Ismael McFarland
Batting: RHB Ty Dec 0-0: SINGLE (Groundball, 56D, EV 101.9 MPH)
Batting: SHB J.J. Evans 0-0: Ball
1-0: Ball
2-0: Ball
3-0: Called Strike
3-1: Foul Ball, location: 2F
3-2: Foul Ball, location: 2F
3-2: Fly out, F9 (Flyball, 9, EV 88.8 MPH)
Batting: LHB Tommy Tuten 0-0: Called Strike
0-1: Ball
1-1: Ball
2-1: Grounds into double play, 4-6-3 (Groundball, 4, EV 86.2 MPH)
Bottom of the 1st over - 0 runs, 1 hit, 0 errors, 0 left on base; Phoenix 0 - Windy City 0
TOP OF THE 2ND
Phoenix Roadrunners batting - Pitching for Windy City Blues : LHP A.J. Stillman
Batting: RHB Reginald Botoman 0-0: Ball
1-0: SINGLE (Line Drive, 6D, EV 108.8 MPH)
Batting: LHB Devon Cundiff 0-0: Fielders Choice at 2nd, 5-4 (Groundball, 5L, EV 104.4 MPH)
Batting: RHB Cody Barkley 0-0: Ball
Devon Cundiff steals 2nd, throwing error, E2
Devon Cundiff to third
1-0: Ground out 6-3 (Groundball, 6, EV 82.5 MPH)
Devon Cundiff scores
Batting: RHB Tommy Simpson 0-0: Called Strike
0-1: Foul Ball, location: 2F
0-2: Ball
1-2: Strikes out swinging
Top of the 2nd over - 1 run, 1 hit, 1 error, 0 left on base; Phoenix 1 - Windy City 0
BOTTOM OF THE 2ND
Windy City Blues batting - Pitching for Phoenix Roadrunners : RHP Ismael McFarland
Batting: LHB Idris Wnuk 0-0: Called Strike
0-1: Ball
1-1: Foul Ball, location: 2F
1-2: SINGLE (Flyball, 89S, EV 86.2 MPH)
Batting: RHB Corbin Herron 0-0: Ball
1-0: Called Strike
1-1: Ball
2-1: Grounds into double play, 5-4-3 (Groundball, 5L, EV 78.8 MPH)
Batting: RHB Donovan Butler 0-0: Foul Ball, location: 2F
0-1: Called Strike
0-2: Strikes out swinging
Bottom of the 2nd over - 0 runs, 1 hit, 0 errors, 0 left on base; Phoenix 1 - Windy City 0
TOP OF THE 3RD
Phoenix Roadrunners batting - Pitching for Windy City Blues : LHP A.J. Stillman
Batting: RHB Boone Gellings 0-0: Ball
1-0: Foul Ball, location: 2F
1-1: Swinging Strike
1-2: Ball
2-2: Ball
3-2: Foul Ball, location: 2F
3-2: Base on Balls
Batting: RHB Harrison Jordan 0-0: Foul Ball, location: 2F
0-1: Ball
Wild Pitch!
Boone Gellings to second
1-1: Called Strike
1-2: Foul Ball, location: 2F
1-2: Ball
2-2: Foul Ball, location: 2F
2-2: Ball
3-2: Strikes out swinging
Batting: RHB Rick Anderson 0-0: Called Strike
0-1: Ball
1-1: Ball
2-1: Foul Ball, location: 2F
2-2: Foul Ball, location: 2F
2-2: Fly out, F9 (Flyball, 89S, EV 81.9 MPH)
Batting: RHB Dalton Banks 0-0: Ball
1-0: Ball
2-0: Ball
3-0: Called Strike
3-1: Reached on error, E4 (Groundball, 4MD, EV 84.4 MPH)
Boone Gellings scores
Batting: LHB Rayshaun Stuart 0-0: Ball
1-0: DOUBLE (Line Drive, 5D, EV 95.6 MPH)
Dalton Banks scores
Batting: RHB Reginald Botoman 0-0: Called Strike
0-1: Foul Ball, location: 2F
0-2: Ball
1-2: Ball
2-2: Strikes out swinging
Top of the 3rd over - 2 runs, 1 hit, 1 error, 1 left on base; Phoenix 3 - Windy City 0
BOTTOM OF THE 3RD
Windy City Blues batting - Pitching for Phoenix Roadrunners : RHP Ismael McFarland
Batting: RHB Del Tarrance 0-0: Ball
1-0: Called Strike
1-1: Foul Ball, location: 2F
1-2: Fly out, F7 (Flyball, 7LM, EV 85.0 MPH)
Batting: RHB Adrien Jimenez 0-0: Ball
1-0: Called Strike
1-1: SOLO HOME RUN (Flyball, 8RXD, EV 106.9 MPH), Distance : 436 ft
Batting: RHB K.J. Avery 0-0: Called Strike
0-1: Ball
1-1: Foul Ball, location: 2F
1-2: Ball
2-2: Foul Ball, location: 2F
2-2: Ball
3-2: DOUBLE (Groundball, 5L, EV 101.9 MPH)
Batting: RHB Ty Dec 0-0: Ball
1-0: Called Strike
1-1: Ground out 5-3 (Groundball, 56S, EV 76.2 MPH)
Batting: SHB J.J. Evans 0-0: Ball
1-0: Ball
2-0: Foul Ball, location: 2F
2-1: Foul Ball, location: 2F
2-2: Ball
3-2: Reached on error, E3 (Groundball, 34, EV 100.0 MPH)
K.J. Avery to third
Batting: LHB Tommy Tuten 0-0: Called Strike
0-1: Called Strike
0-2: Foul Ball, location: 2F
0-2: Ball
1-2: Ball
2-2: Foul Ball, location: 2F
2-2: SINGLE (Groundball, 4M, EV 101.2 MPH) (infield hit)
K.J. Avery scores
J.J. Evans to second
Batting: LHB Idris Wnuk 0-0: Called Strike
0-1: Ball
1-1: Foul Ball, location: 2F
1-2: DOUBLE (Flyball, 8LXD, EV 100.6 MPH)
J.J. Evans scores
Tommy Tuten to third
Batting: RHB Corbin Herron 0-0: Ball
1-0: Ball
2-0: Called Strike
2-1: Ball
3-1: Base on Balls
Batting: RHB Donovan Butler 0-0: Ball
1-0: Ground out 4-3 (Groundball, 4, EV 99.4 MPH)
Bottom of the 3rd over - 3 runs, 4 hits, 1 error, 3 left on base; Phoenix 3 - Windy City 3
TOP OF THE 4TH
Phoenix Roadrunners batting - Pitching for Windy City Blues : LHP A.J. Stillman
Batting: LHB Devon Cundiff 0-0: Called Strike
0-1: Hit by Pitch
Batting: RHB Cody Barkley 0-0: Ball
1-0: Foul Ball, location: 2F
1-1: Ball
2-1: Foul Ball, location: 2F
2-2: Ball
3-2: Ground out 6-3 (Groundball, 6, EV 82.5 MPH)
Devon Cundiff to second
Batting: RHB Tommy Simpson 0-0: Swinging Strike
0-1: Ground out 6-3 (Groundball, 6M, EV 103.8 MPH)
Devon Cundiff to third
Batting: RHB Boone Gellings 0-0: Ball
1-0: Called Strike
1-1: Foul Ball, location: 2F
1-2: Foul Ball, location: 2F
1-2: Strikes out swinging
Top of the 4th over - 0 runs, 0 hits, 0 errors, 1 left on base; Phoenix 3 - Windy City 3
BOTTOM OF THE 4TH
Windy City Blues batting - Pitching for Phoenix Roadrunners : RHP Ismael McFarland
Batting: RHB Del Tarrance 0-0: Foul Ball, location: 2F
0-1: Foul Ball, location: 2F
0-2: Strikes out swinging
Batting: RHB Adrien Jimenez 0-0: Called Strike
0-1: SINGLE (Flyball, 3D, EV 98.1 MPH)
Batting: RHB K.J. Avery 0-0: Grounds into double play, 6-4-3 (Groundball, 6M, EV 108.8 MPH)
Bottom of the 4th over - 0 runs, 1 hit, 0 errors, 0 left on base; Phoenix 3 - Windy City 3
TOP OF THE 5TH
Phoenix Roadrunners batting - Pitching for Windy City Blues : LHP A.J. Stillman
Batting: RHB Harrison Jordan 0-0: Called Strike
0-1: Called Strike
0-2: Fly out, F4 (Popup, 34S, EV 74.4 MPH)
Batting: RHB Rick Anderson 0-0: Foul Ball, location: 2F
0-1: Ball
1-1: Swinging Strike
1-2: Ball
2-2: Foul Ball, location: 2F
2-2: Foul Ball, location: 2F
2-2: Ground out 6-3 (Groundball, 6, EV 81.2 MPH)
Batting: RHB Dalton Banks 0-0: SINGLE (Line Drive, 3D, EV 96.9 MPH)
Batting: LHB Rayshaun Stuart 0-0: Ball
1-0: Swinging Strike
1-1: Ball
Dalton Banks is caught stealing 2nd base 2-6
Top of the 5th over - 0 runs, 1 hit, 0 errors, 0 left on base; Phoenix 3 - Windy City 3
BOTTOM OF THE 5TH
Windy City Blues batting - Pitching for Phoenix Roadrunners : RHP Ismael McFarland
Batting: RHB Ty Dec 0-0: Ball
1-0: Called Strike
1-1: Ball
2-1: Foul Ball, location: 2F
2-2: Ball
3-2: SINGLE (Line Drive, 8RS, EV 95.6 MPH)
Batting: SHB J.J. Evans 0-0: Ball
1-0: Ball
2-0: Grounds into double play, 1-6-3 (Groundball, 34S, EV 69.4 MPH)
Batting: LHB Tommy Tuten 0-0: Foul Ball, location: 2F
0-1: Ball
1-1: Fly out, F8 (Flyball, 89S, EV 88.8 MPH)
Bottom of the 5th over - 0 runs, 1 hit, 0 errors, 0 left on base; Phoenix 3 - Windy City 3
TOP OF THE 6TH
Phoenix Roadrunners batting - Pitching for Windy City Blues : LHP A.J. Stillman
Batting: LHB Rayshaun Stuart 0-0: Foul Ball, location: 2F
0-1: Ground out 6-3 (Groundball, 6M, EV 90.6 MPH)
Batting: RHB Reginald Botoman 0-0: Ball
1-0: Called Strike
1-1: Called Strike
1-2: Strikes out looking
Batting: LHB Devon Cundiff 0-0: Ball
1-0: Ball
2-0: Foul Ball, location: 2F
2-1: Ball
3-1: Called Strike
3-2: Strikes out swinging
Top of the 6th over - 0 runs, 0 hits, 0 errors, 0 left on base; Phoenix 3 - Windy City 3
BOTTOM OF THE 6TH
Windy City Blues batting - Pitching for Phoenix Roadrunners : RHP Ismael McFarland
Pitching: LHP Bradley Gainer
Batting: LHB Idris Wnuk 0-0: Called Strike
0-1: Ball
1-1: Foul Ball, location: 2F
1-2: Ball
2-2: Foul Ball, location: 2F
2-2: DOUBLE (Line Drive, 5D, EV 99.4 MPH)
Batting: RHB Corbin Herron 0-0: Called Strike
0-1: Ball
1-1: Ball
2-1: Swinging Strike
2-2: Foul Ball, location: 2F
2-2: SINGLE (Groundball, 4M, EV 97.5 MPH)
Idris Wnuk to third
Batting: RHB Donovan Butler 0-0: Ball
1-0: Ball
2-0: Ball
3-0: Base on Balls
Corbin Herron to second
Pitching: RHP James Forbes
Batting: RHB Del Tarrance 0-0: Called Strike
0-1: Swinging Strike
0-2: Foul Ball, location: 2F
0-2: Fly out, F3 (Popup, 3SF, EV 75.6 MPH)
Batting: RHB Adrien Jimenez 0-0: Ball
1-0: SINGLE (Groundball, 4MD, EV 103.8 MPH)
Idris Wnuk scores
Corbin Herron to third
Donovan Butler to second
Batting: RHB K.J. Avery 0-0: Called Strike
0-1: Ball
1-1: Foul Ball, location: 2F
1-2: Foul Ball, location: 2F
1-2: Strikes out looking
Batting: RHB Ty Dec 0-0: Swinging Strike
0-1: Swinging Strike
0-2: Foul Ball, location: 2F
0-2: Ball
1-2: Strikes out looking
Bottom of the 6th over - 1 run, 3 hits, 0 errors, 3 left on base; Phoenix 3 - Windy City 4
TOP OF THE 7TH
Phoenix Roadrunners batting - Pitching for Windy City Blues : LHP A.J. Stillman
Pitching: RHP R.V. Weatherby
Pinch Hitting: LHB Neil Wanat 0-0: Swinging Strike
0-1: Ball
1-1: Fly out, F9 (Line Drive, 9S, EV 85.6 MPH)
Batting: LHB Tavin Kang 0-0: Called Strike
0-1: Ball
1-1: Swinging Strike
1-2: Ball
2-2: Fly out, F9 (Flyball, 9, EV 93.1 MPH)
Batting: RHB Boone Gellings 0-0: Foul Ball, location: 2F
0-1: Ball
1-1: Ball
2-1: Called Strike
2-2: Foul Ball, location: 2F
2-2: Foul Ball, location: 2F
2-2: SINGLE (Groundball, 4M, EV 108.8 MPH) (infield hit)
Batting: RHB Harrison Jordan 0-0: Called Strike
0-1: Swinging Strike
0-2: Ball
1-2: Ball
2-2: Ball
3-2: Base on Balls
Boone Gellings to second
Pinch Hitting: LHB Dwight Bell 0-0: Ball
1-0: Foul Ball, location: 2F
1-1: 3-RUN HOME RUN (Flyball, 7D, EV 95.0 MPH), Distance : 354 ft
Batting: RHB Dalton Banks 0-0: Foul Ball, location: 2F
0-1: Ball
1-1: Ground out 6-3 (Groundball, 56, EV 86.2 MPH)
Top of the 7th over - 3 runs, 2 hits, 0 errors, 0 left on base; Phoenix 6 - Windy City 4
BOTTOM OF THE 7TH
Windy City Blues batting - Pitching for Phoenix Roadrunners : RHP James Forbes
Now at 2B: Dalton Banks
Now at 3B: Tyrek Schaaf
Now in CF: Devon Cundiff
Now in RF: Dwight Bell
Batting: SHB J.J. Evans 0-0: Ball
1-0: Ball
2-0: Ball
3-0: Called Strike
3-1: Foul Ball, location: 2F
3-2: Strikes out swinging
Batting: LHB Tommy Tuten 0-0: SINGLE (Groundball, 4MD, EV 97.5 MPH)
Batting: LHB Idris Wnuk 0-0: Grounds into double play, 6-4-3 (Groundball, 6, EV 93.8 MPH)
Bottom of the 7th over - 0 runs, 1 hit, 0 errors, 0 left on base; Phoenix 6 - Windy City 4
TOP OF THE 8TH
Phoenix Roadrunners batting - Pitching for Windy City Blues : RHP R.V. Weatherby
Batting: LHB Rayshaun Stuart 0-0: Called Strike
0-1: SINGLE (Groundball, 3L, EV 106.9 MPH)
Batting: RHB Reginald Botoman 0-0: Ball
1-0: Ball
2-0: Ball
3-0: Called Strike
3-1: Swinging Strike
3-2: Strikes out swinging
Rayshaun Stuart is caught stealing 2nd base 2-4
Batter strikes out.
Batting: LHB Devon Cundiff 0-0: Called Strike
0-1: Swinging Strike
0-2: Ball
1-2: Ball
2-2: Ball
3-2: Foul Ball, location: 2F
3-2: Base on Balls
Pitching: RHP Shane Hellman
Batting: RHB Tyrek Schaaf 0-0: Called Strike
0-1: Ball
Devon Cundiff is caught stealing 2nd base 2-4
Top of the 8th over - 0 runs, 1 hit, 0 errors, 0 left on base; Phoenix 6 - Windy City 4
BOTTOM OF THE 8TH
Windy City Blues batting - Pitching for Phoenix Roadrunners : RHP James Forbes
Batting: RHB Corbin Herron 0-0: Foul Ball, location: 2F
0-1: Swinging Strike
0-2: Strikes out swinging
Pitching: LHP Logan Schneider
Batting: RHB Donovan Butler 0-0: Ball
1-0: Ball
2-0: Ball
3-0: Called Strike
3-1: Ground out 5-3 (Groundball, 56, EV 86.2 MPH)
Batting: RHB Del Tarrance 0-0: Ball
1-0: Ball
2-0: Fly out, F3 (Popup, 3F, EV 67.5 MPH)
Bottom of the 8th over - 0 runs, 0 hits, 0 errors, 0 left on base; Phoenix 6 - Windy City 4
TOP OF THE 9TH
Phoenix Roadrunners batting - Pitching for Windy City Blues : RHP Shane Hellman
Batting: RHB Tyrek Schaaf 0-0: Ball
1-0: Ball
2-0: Ground out 4-3 (Groundball, 4, EV 94.4 MPH)
Batting: LHB Tavin Kang 0-0: Foul Ball, location: 2F
0-1: Foul Ball, location: 2F
0-2: Strikes out looking
Batting: RHB Boone Gellings 0-0: Called Strike
0-1: Ball
1-1: Ball
2-1: Called Strike
2-2: Ground out 6-3 (Groundball, 56, EV 86.9 MPH)
Top of the 9th over - 0 runs, 0 hits, 0 errors, 0 left on base; Phoenix 6 - Windy City 4
BOTTOM OF THE 9TH
Windy City Blues batting - Pitching for Phoenix Roadrunners : LHP Logan Schneider
Batting: RHB Adrien Jimenez 0-0: Ball
1-0: Ball
2-0: Called Strike
2-1: Ball
3-1: Foul Ball, location: 2F
3-2: Foul Ball, location: 2F
3-2: Fly out, F5 (Flyball, 5D, EV 91.9 MPH)
Batting: RHB K.J. Avery 0-0: Foul Ball, location: 2F
0-1: Foul Ball, location: 2F
0-2: Ball
1-2: Strikes out looking
Batting: RHB Ty Dec 0-0: Called Strike
0-1: SINGLE (Line Drive, 56D, EV 100.0 MPH)
Batting: SHB J.J. Evans 0-0: Ball
1-0: Ball
2-0: SINGLE (Groundball, 4MD, EV 95.0 MPH)
Ty Dec to second
Batting: LHB Tommy Tuten 0-0: Swinging Strike
0-1: Swinging Strike
0-2: Foul Ball, location: 2F
0-2: Ball
1-2: Ball
2-2: Foul Ball, location: 2F
2-2: Foul Ball, location: 2F
2-2: Ball
3-2: Strikes out swinging
Bottom of the 9th over - 0 runs, 2 hits, 0 errors, 2 left on base; Phoenix 6 - Windy City 4
Friday, March 15th , 2024 - OOTP Baseball 23.10 Build 110